 Dungeon Crawl Stone Soup version 0.24.0-1-gfbc8707 (webtiles) character file.

Game seed: 15648732674102047932, levelgen mode: deterministic

235 Faca the Magician (level 6, -17/47 HPs)
             Began as a Gnoll Wanderer on Nov 8, 2019.
             Demolished by an ogre
             ... wielding a +0 giant club
              (22 damage)
             ... on level 3 of the Dungeon.
             The game lasted 00:06:50 (3585 turns).

Faca the Magician (Gnoll Wanderer)                  Turns: 3585, Time: 00:06:50

Health: -17/47     AC: 11    Str: 13    XL:     6   Next: 6%
Magic:  16/16      EV:  7    Int: 16    God:
Gold:   185        SH:  0    Dex: 16    Spells: 18/19 levels left

rFire    . . .     SeeInvis .   a - +0 mace
rCold    . . .     Gourm    .   (no shield)
rNeg     + . .     Faith    .   j - +0 chain mail
rPois    .         Spirit   .   (no helmet)
rElec    .         Reflect  .   (no cloak)
rCorr    .         Harm     .   m - +0 pair of gloves
MR       .....                  (no boots)
Stlth    ..........             (no amulet)
HPRegen  0.15/turn              d - ring of positive energy
MPRegen  0.15/turn              (no ring)

@: no status effects
A: distributed training, fangs 1, strong nose
a: no special abilities


You were on level 3 of the Dungeon.
You were not hungry.

You visited 1 branch of the dungeon, and saw 3 of its levels.

You collected 185 gold pieces.

Inventory:

Hand Weapons
 a - a +0 mace (weapon)
 q - a +2 dagger of draining
Armour
 j - a +0 chain mail (worn)
 m - a +0 pair of gloves (worn)
Jewellery
 d - a ring of positive energy (left hand)
Wands
 b - a wand of paralysis (15)
Scrolls
 c - 3 scrolls of teleportation
 e - 2 scrolls of remove curse
 p - a scroll of amnesia {unknown}
Potions
 g - 3 potions of ambrosia
 h - a potion of lignification
 i - a potion of heal wounds
 k - 2 potions of flight
 l - 3 potions of haste
 r - a potion of brilliance
Comestibles
 f - 9 rations


   Skills:
 + Level 3.1 Fighting
 + Level 1.7 Short Blades
 + Level 1.7 Long Blades
 + Level 1.7 Axes
 + Level 3.1 Maces & Flails
 + Level 1.7 Polearms
 + Level 1.7 Staves
 + Level 1.7 Slings
 + Level 1.7 Bows
 + Level 1.7 Crossbows
 + Level 1.7 Throwing
 + Level 6.7 Armour
 + Level 1.7 Dodging
 + Level 2.9 Stealth
 + Level 1.7 Shields
 + Level 1.7 Unarmed Combat
 + Level 7.3 Spellcasting
 + Level 1.3 Conjurations
 + Level 1.3 Hexes
 + Level 1.3 Charms
 + Level 1.3 Summonings
 + Level 1.3 Necromancy
 + Level 1.3 Translocations
 + Level 1.3 Transmutations
 + Level 1.3 Fire Magic
 + Level 1.3 Ice Magic
 + Level 1.3 Air Magic
 + Level 1.3 Earth Magic
 + Level 1.3 Poison Magic
 + Level 1.9 Invocations
 + Level 3.1 Evocations


You had 18 spell levels left.
You knew the following spells:

 Your Spells              Type           Power        Failure   Level  Hunger
a - Freeze                Ice            ##..         83%         1    None

Your spell library contained the following spells:

 Spells                   Type           Power        Failure   Level  Hunger
 Ozocubu's Armour         Chrm/Ice       ##......     99%         3    ##.....


Dungeon Overview and Level Annotations

Branches:
Dungeon (3/15)

Altars:
Ashenzari
Fedhas
Hepliaklqana
Makhleb
Vehumet


Innate Abilities, Weirdness & Mutations

Your experience applies equally to all skills.
You have very sharp teeth.
Your uncanny sense of smell can sniff out nearby items.


Message History

The ogre is moderately wounded.
The ogre barely misses you.
You sock the ogre!
The ogre is heavily wounded.
The ogre closely misses you.
You sock the ogre!
The ogre is severely wounded.
The ogre hits you with a +0 giant club!!
* * * LOW HITPOINT WARNING * * *
You hit the ogre.
The ogre is severely wounded.
The ogre barely misses you.
You barely miss the ogre.
The ogre is severely wounded.
The ogre hits you with a +0 giant club!
* * * LOW HITPOINT WARNING * * *
You thump the ogre!
The ogre is almost dead.
The ogre hits you with a +0 giant club!!
You die...

#.......# ∆ #..........##.####
+..<....+ ∆ +..........+....>#
#.......# #.............##.#
#.......# ###......._...##.#
#..)....##########......_8_..##.#
#..>....'................_...##..
#.......###.#....................
###########.#.####........##.###.
#.....).....#.#.@O...............
#.###########<#.##..########.##..
#.# #....#....................
#.# #......#.####.........##..
#.# ####.###.####..####.#.##..
#.# #######.#.....##.....#......#
#.# #.......#...#.##..##.###.####
#.# #.#######.#.#.##..##.###.#
#.# #.#.!.......#.....##...#.#


You could see an ogre.

Vanquished Creatures
  3 orc wizards
  A worker ant (D:3)
  2 adders
  6 oozes
  3 dart slugs
  3 leopard geckos
  An orc (D:3)
  11 giant cockroaches
  6 goblins
  3 hobgoblins
  8 jackals
  7 kobolds
  2 quokkas (D:3)
  9 bats
  5 frilled lizards
  A quokka skeleton (D:3)
  7 rats
78 creatures vanquished.

Notes
Turn   | Place    | Note
-------+----------+-------------------------------------------
     0 | D:1      | Faca the Gnoll Wanderer began the quest for the Orb.
     0 | D:1      | Faca set off with the following items: a +0 mace, a wand of
                  | paralysis (15), a +0 robe, a ration; and the following
                  | spell memorised: Freeze; and the following spells available
                  | to memorise: Ozocubu's Armour
     0 | D:1      | Reached XP level 1. HP: 17/17 MP: 8/8
     1 | D:1      | Found a runed translucent door.
   105 | D:1      | Reached XP level 2. HP: 10/23 MP: 10/10
   446 | D:1      | Found a shattered altar of Ashenzari.
  1020 | D:1      | Reached XP level 3. HP: 28/28 MP: 11/11
  1129 | D:1      | Reached skill level 1 in Invocations
  1155 | D:1      | Reached skill level 1 in Short Blades
  1155 | D:1      | Reached skill level 1 in Long Blades
  1155 | D:1      | Reached skill level 1 in Axes
  1155 | D:1      | Reached skill level 1 in Polearms
  1155 | D:1      | Reached skill level 1 in Staves
  1155 | D:1      | Reached skill level 1 in Slings
  1155 | D:1      | Reached skill level 1 in Bows
  1155 | D:1      | Reached skill level 1 in Crossbows
  1155 | D:1      | Reached skill level 1 in Throwing
  1155 | D:1      | Reached skill level 1 in Dodging
  1155 | D:1      | Reached skill level 1 in Shields
  1155 | D:1      | Reached skill level 1 in Unarmed Combat
  1168 | D:1      | Reached XP level 4. HP: 17/34 MP: 13/13
  1437 | D:2      | Found a radiant altar of Vehumet.
  1646 | D:2      | Reached skill level 1 in Conjurations
  1646 | D:2      | Reached skill level 1 in Hexes
  1646 | D:2      | Reached skill level 1 in Charms
  1646 | D:2      | Reached skill level 1 in Summonings
  1646 | D:2      | Reached skill level 1 in Necromancy
  1646 | D:2      | Reached skill level 1 in Translocations
  1646 | D:2      | Reached skill level 1 in Transmutations
  1646 | D:2      | Reached skill level 1 in Fire Magic
  1646 | D:2      | Reached skill level 1 in Ice Magic
  1646 | D:2      | Reached skill level 1 in Air Magic
  1646 | D:2      | Reached skill level 1 in Earth Magic
  1646 | D:2      | Reached skill level 1 in Poison Magic
  1969 | D:3      | Noticed an ogre
  2027 | D:3      | Found a blossoming altar of Fedhas.
  2028 | D:3      | Found a burning altar of Makhleb.
  2028 | D:3      | Found a shattered altar of Ashenzari.
  2048 | D:3      | Found a hazy altar of Hepliaklqana.
  2310 | D:3      | Reached XP level 5. HP: 32/40 MP: 14/14
  2806 | D:3      | Reached XP level 6. HP: 13/47 MP: 16/16
  3585 | D:3      | Demolished by an ogre

Levels and vault maps discovered:
D:1:      dpeg_arrival_caged_fury, layout_rooms, nicolae_ashenzari_panopticon
D:2:      layout_basic, vehumet_crystals, wad_floor_pattern_1,
          corexii_corridor_pit
D:3:      layout_basic, chequers_temple_overflow_statue_of_worship

Skill      XL: |  1  2  3  4  5 |
---------------+----------------+-----
Invocations    | 1 |  1.9
Short Blades   | 1 |  1.7
Long Blades    | 1 |  1.7
Axes           | 1 |  1.7
Polearms       | 1 |  1.7
Staves         | 1 |  1.7
Slings         | 1 |  1.7
Bows           | 1 |  1.7
Crossbows      | 1 |  1.7
Throwing       | 1 |  1.7
Dodging        | 1 |  1.7
Shields        | 1 |  1.7
Unarmed Combat | 1 |  1.7
Conjurations   | 1 |  1.3
Hexes          | 1 |  1.3
Charms         | 1 |  1.3
Summonings     | 1 |  1.3
Necromancy     | 1 |  1.3
Translocations | 1 |  1.3
Transmutations | 1 |  1.3
Fire Magic     | 1 |  1.3
Ice Magic      | 1 |  1.3
Air Magic      | 1 |  1.3
Earth Magic    | 1 |  1.3
Poison Magic   | 1 |  1.3
Fighting       | 3 |  3.1
Maces & Flails | 3 |  3.1
Evocations     | 3 |  3.1
Armour         | |  6.7
Stealth        | |  2.9
Spellcasting   | |  7.3

Action                   |  1- 3 |  4- 6 || total
-------------------------+-------+-------++-------
Melee: Mace              |   120 |   244 ||   364
       Bite              |    13 |    24 ||    37
       Punch             |     1 |     1 ||     2
  Use: Scroll            |       |    10 ||    10
 Stab: Sleeping          |     5 |       ||     5
  Eat: Chunk             |       |     9 ||     9
Armor: Robe              |    15 |       ||    15
       Chain mail        |    84 |   206 ||   290
Dodge: Dodged            |    76 |    96 ||   172
